 Dungeon Crawl Stone Soup version 0.27.0-1-g7a089689b8 (console) character file.

Game seed: 13959392307585434212

1454 om the Insei (level 8, 0/58 (61) HPs)
             Began as a Gnoll Transmuter on Aug 11, 2021.
             Was a Follower of Wu Jian.
             Slain by a wight (11 damage)
             ... on level 6 of the Dungeon.
             The game lasted 00:17:42 (6365 turns).

om the Insei (Gnoll Transmuter)                     Turns: 6365, Time: 00:17:43

HP:   0/58 (61)     AC:  2    Str: 12    XL:     8   Next: 76%
MP:   16/17         EV: 25    Int: 13    God:    Wu Jian [*.....]
Gold: 259           SH:  0    Dex: 23    Spells: 9/19 levels left

rFire    . . .     SeeInvis .     - Unarmed
rCold    . . .     Faith    .   (shield currently unavailable)
rNeg     . . .     Spirit   .   (armour currently unavailable)
rPois    x         Reflect  .   (helmet currently unavailable)
rElec    .         Harm     .   (cloak currently unavailable)
rCorr    .         Rampage  .   (gloves currently unavailable)
Will     .....                  (boots currently unavailable)
Stlth    +++.......             (no amulet)
HPRegen  0.19/turn              v - +6 ring of dexterity
MPRegen  0.15/turn              (no ring)

@: spider-form, lightly drained
A: venomous fangs, tiny, (fangs 1), strong nose, distributed training
a: End Transformation, Renounce Religion


You were on level 6 of the Dungeon.
You worshipped Wu Jian.
Wu Jian was aware of your devotion.
You were a venomous arachnid creature.
You visited 1 branch of the dungeon, and saw 6 of its levels.

You collected 259 gold pieces.

Inventory:

Hand Weapons
 i - a +4 quarterstaff of chaos
 k - a +2 trident of protection
 n - the +10 trident of Recklessness {distort, Drain Str+4 Int+3 SInv}
   (You took it off a kobold on level 4 of the Dungeon)

   It warps and distorts space around it, and may blink, banish, or inflict
   extra damage upon those it strikes.
   Unwielding it can cause banishment or high damage.
   Str:       It affects your strength (+4).
   Int:       It affects your intelligence (+3).
   SInv:      It lets you see invisible.
   Drain:     It drains your maximum health when unequipped.
 t - a +6 dagger of protection (melded)
Armour
 a - a +0 robe (melded)
 e - a +0 helmet (melded)
 j - a +2 cloak of stealth (melded)
Jewellery
 v - a +6 ring of dexterity (left front leg)
Wands
 q - a wand of iceblast (9)
 s - a wand of paralysis (1)
Scrolls
 d - a scroll of amnesia
 l - 2 scrolls of holy word {unknown}
 p - a scroll of noise {unknown}
 w - a scroll of enchant weapon {unknown}
Potions
 b - a potion of heal wounds
 c - a potion of resistance
 f - a potion of lignification {unknown}
 g - a potion of flight
 h - a potion of magic {unknown}
 m - a potion of mutation {unknown}
 o - a potion of haste {unknown}
 r - 2 potions of brilliance {unknown}
 u - a potion of ambrosia {unknown}


   Skills:
 + Level 4.4 Fighting
 + Level 3.5 Short Blades
 + Level 3.5 Long Blades
 + Level 3.5 Axes
 + Level 3.5 Maces & Flails
 + Level 3.5 Polearms
 + Level 3.5 Staves
 + Level 3.5 Slings
 + Level 3.5 Bows
 + Level 3.5 Crossbows
 + Level 3.5 Throwing
 + Level 3.5 Armour
 + Level 5.8 Dodging
 + Level 3.5 Stealth
 + Level 3.5 Shields
 + Level 7.5 Unarmed Combat
 + Level 6.2 Spellcasting
 + Level 2.9 Conjurations
 + Level 2.9 Hexes
 + Level 2.9 Summonings
 + Level 2.9 Necromancy
 + Level 2.9 Translocations
 + Level 4.8 Transmutations
 + Level 2.9 Fire Magic
 + Level 2.9 Ice Magic
 + Level 2.9 Air Magic
 + Level 2.9 Earth Magic
 + Level 2.9 Poison Magic
 + Level 3.9 Invocations
 + Level 3.5 Evocations


You had 9 spell levels left.
You knew the following spells:

 Your Spells              Type           Power      Damage    Failure   Level
a - Beastly Appendage     Tmut           32%        N/A       9%          1
b - Wereblood             Tmut           16%        N/A       11%         2
c - Spider Form           Tmut/Pois      7%         N/A       24%         3
d - Ice Form              Ice/Tmut       14%        N/A       54%         4

Your spell library contained the following spells:

 Spells                   Type           Power      Damage    Failure   Level
 Ozocubu's Armour         Ice            11%        N/A       34%         3
 Summon Guardian Golem    Hex/Summ       11%        N/A       34%         3
 Orb of Destruction       Conj           5%         9d2       100%        7
 Ozocubu's Refrigeration  Ice            5%         4d6       100%        7
 Spellforged Servitor     Conj/Summ      5%         N/A       100%        7


Dungeon Overview and Level Annotations

Branches:
Dungeon (6/15)             Temple (0/1) D:4

Altars:
Ashenzari
Cheibriados
Kikubaaqudgha
Qazlal
Wu Jian
Yredelemnul

Shops:
D:2 (


Innate Abilities, Weirdness & Mutations

You are a venomous arachnid creature.
You have poisonous fangs.
You are tiny and dextrous.
Your spellcasting is less reliable in this form.
Your armour is entirely melded.
You are incapable of wielding weapons or throwing items.
((You have very sharp teeth.))
Your uncanny sense of smell can sniff out nearby items.
Your experience applies equally to all skills.


Message History

The wight misses you.
You hit the wight.
The wight is severely damaged.
The wight barely misses you.
You hit the wight but do no damage.
The wight is severely damaged.
The wight completely misses you.
You hit the wight but do no damage.
The wight is severely damaged.
The wight hits you with a +3 war axe of freezing!
The wight freezes you.
* * * LOW HITPOINT WARNING * * *
You hit the wight but do no damage.
The wight is severely damaged.
The wight misses you.
You hit the wight but do no damage.
The wight is severely damaged.
You bite the wight!
You destroy the wight!
The Council accepts your kill.
You hit the wight.
The wight is moderately damaged.
The wight hits you with a +4 hand axe!
* * * LOW HITPOINT WARNING * * *
You feel drained.
You hit the wight but do no damage.
The wight is moderately damaged.
The wight completely misses you.
You completely miss the wight.
The wight is moderately damaged.
The wight closely misses you.
You barely miss the wight.
The wight is moderately damaged.
You barely miss the wight.
The wight is moderately damaged.
The wight barely misses you.
You bite the wight!
The wight is almost destroyed.
The wight hits you with a +4 hand axe!
You die...

### #.#######################
#..............sz.......#
#.#####################.#
##.###### #.# ........# #z#
##.####.# #.# #.# #.# #z# # #.#
#.# #.# ##+#. #.####.# #.# .....
#......######## #.# .....
#######.......# #.###.....
########.......#########.........


You could see a wight.

Vanquished Creatures
  Grinder (D:5)
  Sigmund (D:5)
  A necrophage (D:6)
  An ogre (D:4)
  A phantom (D:5)
  2 scorpions
  A water moccasin skeleton (D:5)
  2 wights (D:6)
  2 bullfrog zombies
  3 hounds (D:5)
  A jelly (D:5)
  Crazy Yiuf (D:3)
  Ijyb (D:5)
  2 bullfrog skeletons
  2 iguanas
  A killer bee zombie (D:6)
  A hound skeleton (D:4)
  A mummy (D:3)
  Robin (D:3)
  7 adders
  An ufetubus (D:5)
  2 worms
  4 dart slugs
  10 orcs
  9 endoplasms
  7 giant cockroaches
  13 hobgoblins
  14 jackals
  5 quokkas
  11 ball pythons
  4 bats
  7 frilled lizards
  12 goblins
  10 kobolds
  7 rats
149 creatures vanquished.

Notes
Turn   | Place    | Note
-------+----------+-------------------------------------------
     0 | D:1      | om the Gnoll Transmuter began the quest for the Orb.
     0 | D:1      | Reached XP level 1. HP: 17/17 MP: 6/6
   126 | D:1      | Reached XP level 2. HP: 21/23 MP: 5/7
   608 | D:1      | Reached XP level 3. HP: 24/28 MP: 7/9
   612 | D:1      | Reached skill level 5 in Spellcasting
   769 | D:1      | Learned a level 2 spell: Wereblood
   773 | D:1      | Learned a level 3 spell: Spider Form
   814 | D:1      | Reached skill level 1 in Invocations
  1188 | D:2      | Found a faded altar of an unknown god.
  1301 | D:2      | Found an ancient bone altar of Kikubaaqudgha.
  1317 | D:2      | Reached skill level 1 in Short Blades
  1317 | D:2      | Reached skill level 1 in Long Blades
  1317 | D:2      | Reached skill level 1 in Axes
  1317 | D:2      | Reached skill level 1 in Maces & Flails
  1317 | D:2      | Reached skill level 1 in Polearms
  1317 | D:2      | Reached skill level 1 in Staves
  1317 | D:2      | Reached skill level 1 in Slings
  1317 | D:2      | Reached skill level 1 in Bows
  1317 | D:2      | Reached skill level 1 in Crossbows
  1317 | D:2      | Reached skill level 1 in Throwing
  1317 | D:2      | Reached skill level 1 in Armour
  1317 | D:2      | Reached skill level 1 in Stealth
  1317 | D:2      | Reached skill level 1 in Shields
  1317 | D:2      | Reached skill level 1 in Evocations
  1340 | D:2      | Reached XP level 4. HP: 29/34 MP: 11/11
  1900 | D:2      | Found Hujeac's Antique Weapon Shoppe.
  2014 | D:3      | Reached skill level 1 in Conjurations
  2014 | D:3      | Reached skill level 1 in Hexes
  2014 | D:3      | Reached skill level 1 in Summonings
  2014 | D:3      | Reached skill level 1 in Necromancy
  2014 | D:3      | Reached skill level 1 in Translocations
  2014 | D:3      | Reached skill level 1 in Fire Magic
  2014 | D:3      | Reached skill level 1 in Ice Magic
  2014 | D:3      | Reached skill level 1 in Air Magic
  2014 | D:3      | Reached skill level 1 in Earth Magic
  2014 | D:3      | Reached skill level 1 in Poison Magic
  2287 | D:3      | Learned a level 4 spell: Ice Form
  2622 | D:3      | Found a stormy altar of Qazlal.
  2686 | D:3      | Found a runed translucent door.
  2687 | D:3      | Noticed Crazy Yiuf
  2714 | D:3      | Reached XP level 5. HP: 35/40 MP: 10/12
  2737 | D:3      | Killed Crazy Yiuf
  3052 | D:3      | Found an ornate altar of the Wu Jian Council.
  3052 | D:3      | Noticed Robin
  3089 | D:3      | Killed Robin
  3105 | D:3      | Became a worshipper of the Wu Jian Council
  3274 | D:3      | Found a snail-covered altar of Cheibriados.
  3348 | D:3      | Found a broken altar of Ashenzari.
  3450 | D:4      | Identified the +10 trident of Recklessness {distort, Drain
                  | Str+4 Int+3 SInv}
  4110 | D:4      | Reached XP level 6. HP: 39/47 MP: 13/13
  4122 | D:4      | Found a staircase to the Ecumenical Temple.
  4214 | D:4      | Reached skill level 5 in Dodging
  4370 | D:4      | Found a basalt altar of Yredelemnul.
  4550 | D:5      | Entered Level 5 of the Dungeon
  4624 | D:5      | Noticed Ijyb
  4637 | D:5      | Paralysed by Ijyb for 2 turns
  4640 | D:5      | Paralysed by Ijyb for 4 turns
  4649 | D:5      | Paralysed by Ijyb for 5 turns
  4658 | D:5      | Killed Ijyb
  4942 | D:5      | Reached skill level 7 in Unarmed Combat
  4942 | D:5      | Reached XP level 7. HP: 40/52 MP: 15/15
  5236 | D:5      | Noticed Sigmund
  5258 | D:5      | Killed Sigmund
  5259 | D:5      | Reached XP level 8. HP: 20/60 MP: 13/16
  5464 | D:5      | Noticed Grinder
  5487 | D:5      | Killed Grinder
  5487 | D:5      | Reached * piety under Wu Jian
  6365 | D:6      | Slain by a wight

Illustrated notes

Levels and vault maps discovered:
D:1:      minmay_arrival_jagged, layout_rooms
D:2:      layout_basic, serial_shops, nicolae_shop_statue_plus, basic_altar,
          shapermc_ecumenical_altar_pompeii, minmay_misc_feat_diagonals
D:3:      layout_loops_ring, lemuel_crystal_altar,
          nicolae_wu_jian_glorious_leap, slow_altar_2, marbit_many_paths,
          uniq_robin, uniq_crazy_yiuf_cottage
D:4:      layout_gridville, lemuel_coloured_pillars_altar,
          minmay_temple_entry_wispy
D:5:      layout_loops_ring, st_stairs_6, minmay_misc_feat_hallway,
          uniq_sigmund, uniq_ijyb, uniq_grinder
D:6:      layout_basic

Skill      XL: |  1  2  3  4  5  6  7  8 |
---------------+-------------------------+-----
Spellcasting   | 5 6 |  6.2
Invocations    | 1 2 3 |  3.9
Short Blades   | 1 2 3 |  3.5
Long Blades    | 1 2 3 |  3.5
Axes           | 1 2 3 |  3.5
Maces & Flails | 1 2 3 |  3.5
Polearms       | 1 2 3 |  3.5
Staves         | 1 2 3 |  3.5
Slings         | 1 2 3 |  3.5
Bows           | 1 2 3 |  3.5
Crossbows      | 1 2 3 |  3.5
Throwing       | 1 2 3 |  3.5
Armour         | 1 2 3 |  3.5
Stealth        | 1 2 3 |  3.5
Shields        | 1 2 3 |  3.5
Evocations     | 1 2 3 |  3.5
Conjurations   | 1 2 |  2.9
Hexes          | 1 2 |  2.9
Summonings     | 1 2 |  2.9
Necromancy     | 1 2 |  2.9
Translocations | 1 2 |  2.9
Fire Magic     | 1 2 |  2.9
Ice Magic      | 1 2 |  2.9
Air Magic      | 1 2 |  2.9
Earth Magic    | 1 2 |  2.9
Poison Magic   | 1 2 |  2.9
Fighting       | 3 4 |  4.4
Transmutations | 4 |  4.8
Dodging        | 5 |  5.8
Unarmed Combat | 7 |  7.5

Action                   |  1- 3 |  4- 6 |  7- 9 || total
-------------------------+-------+-------+-------++-------
Melee: Unarmed           |   104 |   124 |    43 ||   271
       Headbutt          |    14 |     8 |    11 ||    33
       Kick              |    17 |    15 |    19 ||    51
       Bite              |     6 |    11 |     8 ||    25
       Punch             |     2 |     1 |     1 ||     4
       Trident           |       |    73 |       ||    73
       Quarterstaff      |       |    26 |       ||    26
       Dagger            |       |    17 |   100 ||   117
 Cast: Beastly Appendage |    14 |    20 |    10 ||    44
       Spider Form       |       |     6 |     3 ||     9
Invok: Lunge             |       |     4 |     6 ||    10
       Whirlwind         |       |       |     3 ||     3
 Abil: End Transformatio |     1 |       |       ||     1
  Use: Scroll            |       |     6 |       ||     6
 Stab: Sleeping          |       |     3 |     4 ||     7
       Distracted        |       |       |     2 ||     2
Armor: Robe              |    16 |    55 |    31 ||   102
       Skin              |       |     3 |     3 ||     6
Dodge: Dodged            |    85 |   177 |    79 ||   341
